 Dungeon Crawl Stone Soup version 0.29.1-15-g9cfb28693d (webtiles) character file.

Game seed: 1749114668061135811

97 Peloso the Trooper (level 4, -5/41 HPs)
             Began as a Minotaur Fighter on Apr 29, 2023.
             Killed from afar by an orc wizard (8 damage)
             ... with a puff of flame
             ... on level 3 of the Dungeon.
             The game lasted 00:02:30 (1164 turns).

Peloso the Trooper (Minotaur Fighter)               Turns: 1164, Time: 00:02:31

Health: -5/41      AC:  9    Str: 20    XL:     4   Next: 42%
Magic:  3/3        EV:  9    Int:  5    God:
Gold:   88         SH:  0    Dex: 12    Spells: 3/3 levels left

rFire   . . .      SeeInvis .   a - +0 long sword
rCold   . . .      Faith    .   d - +0 buckler
rNeg    . . .      Spirit   .   b - +0 scale mail
rPois   .          Reflect  .   c - +2 hat
rElec   .          Harm     .   (no cloak)
rCorr   .          Rampage  .   (no gloves)
Will    .....                   (no boots)
Stlth   ..........              (no amulet)
HPRegen 0.13/turn               (no ring)
MPRegen 0.08/turn               (no ring)

@: confused
A: horns 2, retaliatory headbutt
a: no special abilities


You were on level 3 of the Dungeon.
You visited 1 branch of the dungeon, and saw 3 of its levels.

You collected 88 gold pieces.

Inventory:

Hand Weapons
 a - a +0 long sword (weapon)
Armour
 b - a +0 scale mail (worn)
 c - a +2 hat (worn)
 d - a +0 buckler (worn)
Scrolls
 j - a scroll of poison {unknown}
 l - a scroll of immolation {unknown}
 m - 2 scrolls of identify {unknown}
 n - a scroll of enchant weapon {unknown}
Potions
 e - a potion of brilliance {unknown}
 f - a potion of invisibility {unknown}
 g - a potion of magic {unknown}
 h - 2 potions of might
 i - a potion of mutation {unknown}
 k - a potion of curing


   Skills:
 + Level 4.3 Fighting
 + Level 3.9 Long Blades
 + Level 4.2 Armour
 + Level 0.6 Dodging
 + Level 4.3 Shields


You had 3 spell levels left.
You didn't know any spells.
Your spell library was empty.

Dungeon Overview and Level Annotations

Branches:
Dungeon (3/15)

Altars:

Annotations:
D:2 Natasha, Sigmund


Innate Abilities, Weirdness & Mutations

You have a pair of horns on your head.
You reflexively headbutt those who attack you in melee.


Message History

The orc priest invokes the aid of Beogh against you.
Beogh smites you!
* * * LOW HITPOINT WARNING * * *
You hit the orc priest but do no damage.
You headbutt the orc priest!
The orc priest is almost dead.
The orc priest closely misses you.
The orc priest hits you with a +0 short sword.
* * * LOW HITPOINT WARNING * * *
You closely miss the orc priest.
The orc priest is almost dead.
The orc priest hits you but does no damage.
The orc priest casts a cantrip, but nothing happens.
You slash the orc priest!
You kill the orc priest!
Deactivating autopickup; reactivate with Ctrl-A.
You hit something but do no damage.
An orc wizard appears from thin air!
Reactivating autopickup.
Something completely misses you.
You feel better.
You hear some strange, mumbled words.
A puff of flame appears from out of thin air!
Deactivating autopickup; reactivate with Ctrl-A.
The puff of flame hits you.
* * * LOW HITPOINT WARNING * * *
The rat twitches its whiskers.
You miss something.
You hear some strange, mumbled words.
Something tries to affect you, but you resist.
The orc wizard casts a spell at you.
The magic dart hits something.
You hear some strange, mumbled words.
You are confused.
Something hits you.
* * * LOW HITPOINT WARNING * * *
Found 7 gold pieces.
You hear some strange, mumbled words.
A puff of flame appears from out of thin air!
The puff of flame hits you!
You die... ... ... ... . ###.# .. .#.## $..# oor

.... #{# ###
#..##(## #.#
#..@..#######.#
###...........#
.................#
...##............# ^
.###...........#
.........>....#
##..........<.###
##..>......)....###
#.......#.........##


You could see an orc priest and a rat.

Vanquished Creatures
  An orc priest (D:3)
  An orc wizard (D:3)
  An adder (D:2)
  An orc (D:3)
  4 endoplasms
  A giant cockroach (D:1)
  5 hobgoblins
  3 jackals (D:1)
  A quokka (D:2)
  3 ball pythons
  2 frilled lizards
  3 goblins (D:1)
  6 kobolds
  3 rats (D:1)
35 creatures vanquished.

Vanquished Creatures (others)
  2 plants (D:1)
2 creatures vanquished.

Grand Total: 37 creatures vanquished

Notes
Turn   | Place    | Note
-------+----------+-------------------------------------------
     0 | D:1      | Peloso the Minotaur Fighter began the quest for the Orb.
     0 | D:1      | Reached XP level 1. HP: 19/19 MP: 0/0
   147 | D:1      | Reached XP level 2. HP: 19/27 MP: 1/1
   734 | D:2      | Reached XP level 3. HP: 21/33 MP: 2/2
   986 | D:2      | Noticed Sigmund
   987 | D:2      | Noticed Natasha
  1156 | D:3      | Reached XP level 4. HP: 13/40 MP: 3/3
  1164 | D:3      | Killed from afar by an orc wizard

Illustrated notes

Levels and vault maps discovered:
D:1:      mrwooster_arrival_statue_3, layout_rooms, serial_forest,
          infiniplex_forest_lined_3, infiniplex_forest_lined_corner,
          infiniplex_forest_lined_corner, infiniplex_forest_lined_room_3,
          infiniplex_forest_side_room
D:2:      layout_rooms, uniq_terence, uniq_natasha, uniq_sigmund
D:3:      layout_rooms, grunt_temple_overflow_open

Skill      XL: |  1  2  3 |
---------------+----------+-----
Fighting       | 4 |  4.3
Long Blades    | 3 |  3.9
Shields        | 4 |  4.3
Armour         | 4 |  4.2
Dodging        | |  0.6

Action                   |  1- 3 |  4- 6 || total
-------------------------+-------+-------++-------
Melee: Long sword        |    77 |     6 ||    83
       Headbutt          |    19 |     1 ||    20
  Use: Potion            |       |     2 ||     2
Armor: Scale mail        |    40 |     3 ||    43
Dodge: Dodged            |    39 |     2 ||    41
Block: Buckler           |    15 |       ||    15
